 Dungeon Sprint DCSS version 0.23.2-1-ga50397a6bc (webtiles) character file.

Game seed: 8507287019993165577

423 Kobolds4U the Carver (level 6, -7/52 HPs)
             Began as a Demonspawn Berserker on Apr 26, 2019.
             Was a Believer of Trog.
             Mangled by a slime creature (13 damage)
             ... in the Dungeon (Sprint I: "Red Sonja").
             The game lasted 00:02:16 (754 turns).

Kobolds4U the Carver (Demonspawn Berserker)          Turns: 754, Time: 00:02:17

Health: -7/52      AC:  3    Str: 17    XL:     6   Next: 63%
Magic:  6/6        EV: 12    Int:  9    God:    Trog [**....]
Gold:   297        SH:  4    Dex: 14    Spells: 5/5 levels left

rFire    . . .     SeeInvis .   a - +0 falchion
rCold    . . .     Gourm    .   (no shield)
rNeg     . . .     Faith    .   k - +0 leather armour
rPois    .         Spirit   .   (helmet restricted)
rElec    .         Reflect  .   (no cloak)
rCorr    .         Harm     .   (no gloves)
MR       .....     NoTele   +   (no boots)
Stlth    +.........             (no amulet)
HPRegen  0.17/turn              (no ring)
MPRegen  0.10/turn              (no ring)

@: no status effects
A: antennae 1, large bone plates 1, spiny 1
a: Berserk, Trog's Hand, Renounce Religion


You were in the Dungeon.
You worshipped Trog.
Trog was pleased with you.
You were not hungry.

You visited 1 branch You collected 297 gold pieces.

Inventory:

Hand Weapons
 a - a +0 falchion (weapon)
Armour
 k - a +0 leather armour (worn)
Wands
 h - a wand of flame (15)
Scrolls
 i - a scroll of blinking
Potions
 d - a potion of curing
 e - a potion of heal wounds
 f - a potion of haste
 g - 2 potions of magic
 j - a potion of flight {unknown}
Comestibles
 c - a ration


   Skills:
 + Level 6.0 Fighting
 + Level 12.2 Long Blades
 - Level 1.7 Armour
 - Level 1.7 Dodging


You had 5 spell levels left.
You didn't know any spells.
Your spell library was empty.

Dungeon Overview and Level Annotations

Branches:
Dungeon (1/1)

Altars:
Cheibriados
Dithmenos
Elyvilon
Fedhas
Gozag
Hepliaklqana
Kikubaaqudgha
Makhleb
Nemelex Xobeh
Okawaru
Qazlal
Ru
Sif Muna
Trog
Uskayaw
Vehumet
Wu Jian
Xom
Yredelemnul
Zin
The Shining One
Jiyva
Lugonu

Shops:
D *


Innate Abilities, Weirdness & Mutations

You have a pair of small antennae on your head.
You are partially covered in large bone plates. (SH +4)
You are partially covered in sharp spines.


Message History

The slime creature is heavily wounded.
You hit the slime creature.
The slime creature is severely wounded.
The slime creature misses you.
You slash the slime creature!
The slime creature is severely wounded.
The slime creature is struck by your spines.
The slime creature hits you.
* * * LOW HITPOINT WARNING * * *
You hit the slime creature but do no damage.
The slime creature is severely wounded.
You hit the slime creature but do no damage.
The slime creature is severely wounded.
The slime creature is struck by your spines.
The slime creature hits you.
* * * LOW HITPOINT WARNING * * *
You hit the slime creature but do no damage.
The slime creature is almost dead.
The slime creature hits you!
You die...

###################
#<.#.[)..#..'..#__#
#..'..#..').#..@J.+
#..#####'#####'#__#
#..####..#...#(####
#..#__####..##.#
#..#_____##'#_.+
#⌠⌠#_.∩...'..._#
####_..__##_.#'#
#_____###+#(#
####### ###


You could see a slime creature.

Vanquished Creatures
  Sigmund (D)
  A yak (D)
  An ogre (D)
  A jelly (D)
  Ijyb (D)
5 creatures vanquished.

Notes
Turn   | Place    | Note
-------+----------+-------------------------------------------
     0 | D        | Kobolds4U the Demonspawn Berserker began the quest for the
                  | Orb.
     0 | D        | Reached XP level 1. HP: 18/18 MP: 1/1
     1 | D        | Noticed Ijyb
    13 | D        | Killed Ijyb
    13 | D        | Reached skill level 5 in Long Blades
    13 | D        | Gained mutation: You are partially covered in large bone
                  | plates. (SH +4) [demonic ancestry]
    13 | D        | Reached XP level 2. HP: 22/24 MP: 2/2
   133 | D        | Noticed an ogre
   141 | D        | Killed an ogre
   141 | D        | Reached skill level 8 in Long Blades
   141 | D        | Reached XP level 3. HP: 19/29 MP: 3/3
   141 | D        | Gained mutation: You have a pair of small antennae on your
                  | head. [demonic ancestry]
   141 | D        | Reached XP level 4. HP: 24/35 MP: 4/4
   240 | D        | Noticed Sigmund
   247 | D        | Killed Sigmund
   247 | D        | Reached ** piety under Trog
   247 | D        | Reached skill level 11 in Long Blades
   247 | D        | Gained mutation: You are partially covered in sharp spines.
                  | [demonic ancestry]
   247 | D        | Reached XP level 5. HP: 41/41 MP: 5/5
   296 | D        | Found an ornate altar of the Wu Jian Council.
   296 | D        | Found a deep blue altar of Sif Muna.
   298 | D        | Found a radiant altar of Vehumet.
   305 | D        | Reached XP level 6. HP: 22/48 MP: 6/6
   480 | D        | Found Beutt's General Store.
   480 | D        | Found an ancient bone altar of Kikubaaqudgha.
   480 | D        | Found a hazy altar of Hepliaklqana.
   480 | D        | Found a stormy altar of Qazlal.
   480 | D        | Found a hide-covered altar of Uskayaw.
   480 | D        | Found a blossoming altar of Fedhas.
   480 | D        | Found a bloodstained altar of Trog.
   480 | D        | Found an iron altar of Okawaru.
   480 | D        | Found a basalt altar of Yredelemnul.
   480 | D        | Found a glowing golden altar of the Shining One.
   480 | D        | Found a snail-covered altar of Cheibriados.
   480 | D        | Found a sacrificial altar of Ru.
   480 | D        | Found a glowing silver altar of Zin.
   480 | D        | Found a shadowy altar of Dithmenos.
   480 | D        | Found a white marble altar of Elyvilon.
   480 | D        | Noticed a yak
   481 | D        | Found an opulent altar of Gozag.
   494 | D        | Killed a yak
   494 | D        | Reached skill level 12 in Long Blades
   495 | D        | Found a sparkling altar of Nemelex Xobeh.
   738 | D        | Found a viscous altar of Jiyva.
   738 | D        | Found a corrupted altar of Lugonu.
   738 | D        | Noticed a slime creature
   739 | D        | Found a burning altar of Makhleb.
   739 | D        | Found a shimmering altar of Xom.
   754 | D        | Mangled by a slime creature

Skill      XL: |  1  2  3  4  5  6 |
---------------+-------------------+-----
Long Blades    | 5 8 11 12 | 12.2
Fighting       | 6 |  6.0
Armour         | |  1.7
Dodging        | |  1.7

Action                   |  1- 3 |  4- 6 || total
-------------------------+-------+-------++-------
Melee: Falchion          |    16 |    39 ||    55
Invok: Berserk           |       |     1 ||     1
  Use: Potion            |     1 |       ||     1
 Stab: Sleeping          |     1 |       ||     1
Armor: Leather armour    |       |     1 ||     1
Dodge: Dodged            |     9 |    10 ||    19
Block: Other             |       |     3 ||     3
       Rpst.: Falchion   |     1 |     2 ||     3
